 Dungeon Crawl Stone Soup version 0.29.0-5-ge4962eb29e (webtiles) character file.

Game seed: 8367193678550102368

131 raistware the Conjurer (level 5, -21/31 HPs)
             Began as an Octopode Conjurer on Aug 29, 2022.
             Killed by an exploding frilled lizard (22 damage)
             ... ignited by their inner flame
             ... on level 3 of the Dungeon.
             The game lasted 00:05:23 (2881 turns).

raistware the Conjurer (Octopode Conjurer)          Turns: 2881, Time: 00:05:24

Health: -21/31     AC:  1    Str:  6    XL:     5   Next: 14%
Magic:  5/11       EV: 13    Int: 23    God:
Gold:   131        SH:  0    Dex: 12    Spells: 7/12 levels left

rFire   . . .      SeeInvis .   l - +3 short sword (elec)
rCold   + . .      Faith    .   (no shield)
rNeg    + . .      Spirit   .   (helmet restricted)
rPois   .          Reflect  .   (no amulet)
rElec   .          Harm     .   g - ring of positive energy
rCorr   .          Rampage  .   h - ring "Jioceory" {rC+ Int+2}
Will    .....                   (no ring)
Stlth   +++.......              (no ring)
HPRegen 0.10/turn               (no ring)
MPRegen 0.12/turn               (no ring)
                                (no ring)
                                (no ring)

@: no status effects
A: almost no armour, amphibious, 8 rings, camouflage 1, gelatinous body 1,
(nimble swimmer 1), tentacles
a: no special abilities


You were on level 3 of the Dungeon.
You visited 1 branch of the dungeon, and saw 3 of its levels.

You collected 131 gold pieces.

Inventory:

Hand Weapons
 l - a +3 short sword of electrocution (weapon)
Missiles
 m - 4 poisoned darts
Jewellery
 g - a ring of positive energy (left tentacle)
 h - the ring "Jioceory" (right tentacle) {rC+ Int+2}
   (You acquired it on level 3 of the Dungeon)

   [ring of protection from cold]

   Int:       It affects your intelligence (+2).
   rC:        It protects you from cold.
Scrolls
 d - 2 scrolls of immolation
Potions
 a - a potion of magic
 b - 4 potions of curing
 e - 4 potions of flight
 f - 2 potions of haste {unknown}
 k - 2 potions of lignification


   Skills:
 - Level 2.0 Dodging
 - Level 2.6 Stealth
 + Level 4.1 Spellcasting
 + Level 4.2 Conjurations
 - Level 2.0 Translocations


You had 7 spell levels left.
You knew the following spells:

 Your Spells              Type           Power      Damage    Failure   Level
a - Magic Dart            Conj           96%        1d7       1%          1
b - Iskenderun's Mystic   Conj/Tloc      19%        2d6       28%         4

Your spell library contained the following spells:

 Spells                   Type           Power      Damage    Failure   Level
 Searing Ray              Conj           48%        2d6       2%          2
 Dazzling Flash           Conj/Hex       28%        N/A       13%         3
 Gell's Gravitas          Tloc           13%        N/A       14%         3
 Lesser Beckoning         Tloc           13%        N/A       14%         3
 Teleport Other           Tloc           13%        N/A       14%         3
 Call Imp                 Summ           4%         N/A       16%         2
 Mephitic Cloud           Conj/Pois/Air  11%        N/A       17%         3
 Fulminant Prism          Conj/Hex       7%         3d7       41%         4
 Olgreb's Toxic Radiance  Pois           4%         N/A       71%         4
 Ozocubu's Refrigeration  Ice            2%         4d7       100%        7
 Ignition                 Fire           2%         3d3       100%        8


Dungeon Overview and Level Annotations

Branches:
Dungeon (3/15)

Altars:


Innate Abilities, Weirdness & Mutations

You cannot wear most types of armour.
You are amphibious.
You can wear up to eight rings at the same time.
Your skin changes colour to match your surroundings (Stealth+).
Your rubbery body absorbs attacks. (AC +1, EV +1)
((You are camouflaged when in or above water. (Stealth+)))
You have tentacles for arms and can constrict up to eight enemies at once.


Message History

Press: ? - help, Shift-Dir - straight line, f - orc, p - kobold
Aim: an orc, wielding a +0 flail and wearing a +0 ring mail (heavily wounded, 60% to hit)
You throw a poisoned dart.
The poisoned dart misses the frilled lizard.
The poisoned dart hits the kobold.
The kobold is poisoned.
The frilled lizard misses you.
Okay, then.
Really read the scroll of immolation?
Okay, then.
Really read the scroll of immolation?
As you read the scroll of immolation, it crumbles to dust.
The creatures around you are filled with an inner flame!
The frilled lizard barely misses you.
Throw: 5 darts (poison)
Press: ? - help, Shift-Dir - straight line, f/p - orc
Aim: an orc, wielding a +0 flail and wearing a +0 ring mail (heavily wounded, inner flame, 60% to hit)
You throw a poisoned dart.
The poisoned dart hits the frilled lizard.
The frilled lizard is poisoned.
Flame seeps out of the kobold.
The kobold is engulfed in blazing flames.
The kobold explodes!
The fiery explosion engulfs you!!
Ouch! That really hurt!
* * * LOW HITPOINT WARNING * * *
The frilled lizard barely misses you.
You hear an angry hiss.
Press: ? - help, v - describe, . - travel The floor, spattered with blood.
Flame seeps out of the kobold.
The kobold is engulfed in blazing flames.
The kobold explodes!
The fiery explosion engulfs the ice beast!!!
The ice beast melts!
The fiery explosion engulfs the orc!
The fiery explosion engulfs the adder!!
The fiery explosion engulfs the frilled lizard!!!
The frilled lizard explodes!
The fiery explosion engulfs you!!
Ouch! That really hurt!
You die...

#............#####
#######<............#
#.....#######........
#....#.$....###.........
...##
#.####...##........ .
#§.J.###..##.......
#○§#.K.##..#....... ##§#
...##.##)..... #@#
.g.#..#...... #§○#
..##.#...... ##..#
..#.##.....
#..###.#.l#.....
#.(...#.Y#.....
###.S..)#.....
.#####†#.....
....#......<.
#..........#


You could see an endoplasm (inner flame).

Vanquished Creatures
  An ice beast (D:3)
  7 adders
  2 worms
  4 dart slugs
  An orc (D:3)
  6 endoplasms
  2 giant cockroaches (D:2)
  4 hobgoblins
  3 jackals (D:1)
  5 quokkas
  7 ball pythons
  6 bats
  3 frilled lizards
  5 goblins
  9 kobolds
  3 rats
68 creatures vanquished.

Vanquished Creatures (others)
  8 fungi (D:3)
  3 toadstools (D:3)
11 creatures vanquished.

Grand Total: 79 creatures vanquished

Notes
Turn   | Place    | Note
-------+----------+-------------------------------------------
     0 | D:1      | raistware the Octopode Conjurer began the quest for the
                  | Orb.
     0 | D:1      | Reached XP level 1. HP: 11/11 MP: 3/3
   158 | D:1      | Reached XP level 2. HP: 17/17 MP: 0/5
   402 | D:1      | Found a faded altar of an unknown god.
   404 | D:1      | Noticed an eye of devastation
   407 | D:1      | Noticed a great orb of eyes
   407 | D:1      | Noticed a golden eye
   407 | D:1      | Noticed a shining eye
   605 | D:1      | Reached XP level 3. HP: 12/21 MP: 0/7
  1485 | D:2      | Reached XP level 4. HP: 27/27 MP: 1/9
  1490 | D:2      | Learned a level 4 spell: Iskenderun's Mystic Blast
  1864 | D:2      | Reached skill level 1 in Translocations
  2833 | D:3      | Reached XP level 5. HP: 31/31 MP: 5/11
  2840 | D:3      | Noticed an ice beast
  2869 | D:3      | Identified a scroll of acquirement
  2869 | D:3      | Acquired the ring "Jioceory" {rC+ Int+2}
  2880 | D:3      | HP: 1/31 [spore (18)]
  2881 | D:3      | Killed an ice beast
  2881 | D:3      | Killed by an exploding frilled lizard... ignited by their
                  | inner flame

Illustrated notes

Levels and vault maps discovered:
D:1:      shiori_arrival_elements, layout_rooms,
          hellmonk_ecumenical_altar_watching_god
D:2:      layout_loops_cross, grunt_decor_one_mirror, dreamdust_wishing_well,
          nrook_campfire, minmay_between
D:3:      minmay_evil_eye, layout_rooms, skrybe_limestone_x, kennysheep_nub,
          minmay_gold_behind_fungi, due_unseen_surprise

Skill      XL: |  1  2  3  4 |
---------------+-------------+-----
Spellcasting   | 3 4 |  4.1
Translocations | 2 |  2.0
Dodging        | |  2.0
Stealth        | |  2.6
Conjurations   | |  4.2

Action                   |  1- 3 |  4- 6 || total
-------------------------+-------+-------++-------
Melee: Unarmed           |    34 |       ||    34
       Constrict         |    11 |     2 ||    13
       Tentacles         |    12 |     1 ||    13
       Short sword       |       |     2 ||     2
       Punch             |       |     1 ||     1
Throw: Dart              |       |     3 ||     3
 Cast: Magic Dart        |    60 |    68 ||   128
  Use: Scroll            |       |     7 ||     7
       Potion            |       |     1 ||     1
Armor: Skin              |     5 |       ||     5
Dodge: Dodged            |    32 |    23 ||    55
